 Dungeon Crawl Stone Soup version 0.30-a0-585-g93115170b9 (webtiles) character file.

Game seed: 7726352873195569762

89 HyperVT the Caller (level 4, -2/24 HPs)
             Began as a Tengu Summoner on Jan 2, 2023.
             Was a Follower of Qazlal.
             Slain by a kobold
             ... wielding a +0 short sword
              (4 damage)
             ... on level 3 of the Dungeon.
             The game lasted 00:14:31 (1917 turns).

HyperVT the Caller (Tengu Summoner)                 Turns: 1917, Time: 00:14:32

Health: -2/24      AC:  3    Str:  9    XL:     4   Next: 55%
Magic:  9/9        EV: 12    Int: 17    God:    Qazlal [*.....]
Gold:   58         SH:  2    Dex: 14    Spells: 3/8 levels left

rFire   . . .      SeeInvis .    e - +0 spear (venom)
rCold   . . .      Faith    .    (no shield)
rNeg    . . .      Spirit   .    a - +1 robe
rPois   .          Reflect  .    (helmet restricted)
rElec   .          Harm     .    (no cloak)
rCorr   .          Rampage  .    (no gloves)
Will    .....                    (boots unavailable)
Stlth   ++                       (no amulet)
HPRegen 0.24/turn                (no ring)
MPRegen 0.11/turn                (no ring)

@: no status effects
A: beak, talons 3
a: Renounce Religion


You were on level 3 of the Dungeon.
You worshipped Qazlal.
Qazlal was aware of your devotion.
You visited 1 branch of the dungeon, and saw 3 of its levels.

You collected 58 gold pieces.

Inventory:

Hand Weapons
 c - a +2 dagger of venom
 e - a +0 spear of venom (weapon)
Missiles
 d - a throwing net
Armour
 a - a +1 robe (worn)
Magical Staves
 g - a staff of air
Scrolls
 f - 2 scrolls of enchant armour
Potions
 b - a potion of magic
 h - a potion of curing
 i - a potion of might {unknown}
 j - a potion of invisibility {unknown}
 k - 2 potions of heal wounds {unknown}
 l - a potion of lignification {unknown}


   Skills:
 + Level 0.2 Fighting
 + Level 1.0 Polearms
 + Level 2.6 Dodging
 + Level 2.5 Stealth
 + Level 2.8 Spellcasting
 + Level 5.7 Summonings


You had 3 spell levels left.
You knew the following spells:

 Your Spells              Type           Power      Damage    Failure   Level
a - Summon Small Mammal   Summ           84%        N/A       1%          1
b - Necrotise             Necr           8%         1d4       19%         1
c - Call Canine Familiar  Summ           21%        N/A       4%          3

Your spell library contained the following spells:

 Spells                   Type           Power      Damage    Failure   Level
 Call Imp                 Summ           21%        N/A       2%          2
 Summon Guardian Golem    Hex/Summ       12%        N/A       17%         3
 Apportation              Tloc           4%         N/A       19%         1
 Summon Lightning Spire   Summ/Air       12%        N/A       50%         4


Dungeon Overview and Level Annotations

Branches:
Dungeon (3/15)

Altars:
Cheibriados
Qazlal


Innate Abilities, Weirdness & Mutations

You have a beak for a mouth.
You have claws for feet.


Message History

The kobold hits you but does no damage. The kobold hits you but does no damage.
The kobold completely misses you. The kobold completely misses you.
The kobold closely misses you. The kobold closely misses you.
The kobold barely misses you. The kobold barely misses you.
The kobold hits you with a +0 short sword.
The kobold hits you with a +0 short sword.
The kobold hits you but does no damage. The kobold completely misses you.
The kobold misses you. The kobold hits you but does no damage.
The kobold closely misses you. The kobold barely misses you.
The kobold hits you with a +0 short sword.
The kobold barely misses you.
The kobold hits you with a +0 short sword.
The kobold hits you with a +0 short sword.
The kobold hits you with a +0 short sword.
The kobold hits you but does no damage. The kobold hits you but does no damage.
The kobold hits you with a +0 short sword.
The kobold misses you.
The kobold hits you with a +0 short sword.
* * * LOW HITPOINT WARNING * * *
The kobold hits you but does no damage. The kobold closely misses you.
The kobold hits you with a +0 short sword.
* * * LOW HITPOINT WARNING * * *
The kobold barely misses you. The kobold completely misses you.
The kobold hits you but does no damage. The kobold closely misses you.
The kobold hits you but does no damage.
The kobold hits you with a +0 short sword.
* * * LOW HITPOINT WARNING * * *
The kobold hits you with a +0 short sword.
You die...

######.## #.....#
#..#...#.# #.#
#......## #..###.#.#
##.## ##.......## #.
#.# #
#####...####.........#
#. ..#
.(<........+....>....+
. ...
#####...####.........#
### ##...# #.....!.#
###>..### #..K§.#
#.......# #☼@.#
#.......# ##'##
#.......# ###.######
###...### #........#
#...# #.#.####.#
##.######....)##.
#...............
########....###.#
#........#


You could see a kobold.

Vanquished Creatures
  A mummy (D:3)
  An adder (D:2)
  2 worms (D:2)
  2 dart slugs
  2 ball pythons (D:1)
  An endoplasm (D:1)
  4 giant cockroaches
  2 goblins (D:1)
  3 hobgoblins (D:1)
  4 jackals
  2 quokkas
  4 bats (D:1)
  A frilled lizard (D:1)
  2 rats
31 creatures vanquished.

Vanquished Creatures (collateral kills)
  A dart slug (D:1)
  2 endoplasms (D:1)
  A giant cockroach (D:1)
  3 goblins
  5 jackals
  A quokka (D:1)
  4 ball pythons
  A bat (D:1)
  3 rats
21 creatures vanquished.

Grand Total: 52 creatures vanquished

Notes
Turn   | Place    | Note
-------+----------+-------------------------------------------
     0 | D:1      | HyperVT the Tengu Summoner began the quest for the Orb.
     0 | D:1      | Reached XP level 1. HP: 10/10 MP: 4/4
   111 | D:1      | Reached skill level 5 in Summonings
   174 | D:1      | Reached XP level 2. HP: 11/15 MP: 6/6
   263 | D:1      | Learned a level 1 spell: Necrotise
   521 | D:1      | Reached XP level 3. HP: 19/19 MP: 5/7
   582 | D:1      | Learned a level 3 spell: Call Canine Familiar
   899 | D:2      | Found a faded altar of an unknown god.
   902 | D:2      | Prayed at the altar of an unknown god.
   902 | D:2      | Became a worshipper of Qazlal Stormbringer
   902 | D:2      | Reached * piety under Qazlal
  1308 | D:2      | Reached XP level 4. HP: 12/24 MP: 9/9
  1785 | D:3      | Found a snail-covered altar of Cheibriados.
  1795 | D:3      | Reached skill level 1 in Polearms
  1917 | D:3      | Slain by a kobold

Illustrated notes

Levels and vault maps discovered:
D:1:      beargit_arrival_diablo_church, layout_basic, grunt_decor_cap
D:2:      layout_loops_ring, nicolae_ecumenical_pavilion, chequers_jeans,
          chequers_avenue
D:3:      layout_loops_corners, slow_altar_1, mainiacjoe_overflow_24_doors,
          okawaru_altar_gauntlet_db, uniq_ijyb

Skill      XL: |  1  2  3  4 |
---------------+-------------+-----
Summonings     | 5 |  5.7
Polearms       | 1 |  1.0
Fighting       | |  0.2
Dodging        | |  2.6
Stealth        | |  2.5
Spellcasting   | |  2.8

Action                   |  1- 3 |  4- 6 || total
-------------------------+-------+-------++-------
Melee: Unarmed           |     3 |       ||     3
       Peck              |     7 |     1 ||     8
       Spear             |    60 |    20 ||    80
       Dagger            |     3 |       ||     3
       Kick              |     9 |     4 ||    13
 Cast: Summon Small Mamm |    35 |     6 ||    41
       Necrotise         |     2 |       ||     2
  Use: Potion            |     2 |       ||     2
       Scroll            |     2 |       ||     2
 Stab: Sleeping          |     4 |       ||     4
Armor: Robe              |    18 |    11 ||    29
Dodge: Dodged            |    33 |    38 ||    71
Block: Other             |     1 |       ||     1

Table legend: (Time is in decaauts)
 A = Elapsed time spent in this place.
 B = Non-inter-level travel time spent in this place.
 C = Inter-level travel time spent in this place.
 D = Time resting spent in this place.
 E = Time spent auto-exploring this place.
 F = Levels seen in this place.
 G = Mean time per level.
                   A        B        C        D        E       F      G
               +--------+--------+--------+--------+--------+-----+--------+
         Total |   1903 |   1846 |     57 |    182 |   1168 |   3 |  634.3 |
       Dungeon |   1903 |   1846 |     57 |    182 |   1168 |   3 |  634.3 |
               +--------+--------+--------+--------+--------+-----+--------+

Top non-repeatable levels by time:
     D:1: 884 daAuts
     D:2: 861 daAuts
     D:3: 158 daAuts
